AoeStats
← kV0t3

Nomad

509738071Analyzed
3v3 RM · 4d ago on Sep 27, 2026· 28m 16s· 6 players
Game mode
Random Map
Map size
210×210
Population
200
Speed
Normal
Resources
Standard
Victory
Conquest
Starting age
Dark Age
Ending age
Imperial Age
RankedLock teamsTeams togetherTeam positionsShared explorationLock speedFull tech treeHidden civsTurbo modeCheats
Victory
Defeat
🇨🇳 Japanese · China
1368
+17
🇷🇺 Mongols · Russia
1332
+18
🇨🇦 Maya · Canada
1307
+19
🇦🇷 Vikings · Argentina
1402
-18
🇦🇷 Danes · Argentina
1379
-18
🇦🇷 Italians · Argentina
1369
-18
EigenVector
12:44 Feudal Age
11:54 Loom
15:17 Double-Bit Axe
16:44 Gold Mining
20:29 Castle Age
19:30 Fletching
19:41 Padded Archer Armor
20:41 Crossbowman
22:39 Wheelbarrow
24:41 Bodkin Arrow
26:32 Hand Cart
28:04 Thumb Ring
Warrior
8:03 Loom
13:06 Feudal Age
17:00 Castle Age
15:47 Double-Bit Axe
16:50 Stone Mining
16:46 Horse Collar
17:03 Fletching
18:01 Bow Saw
17:59 Gold Mining
20:15 Bodkin Arrow
21:55 Town Watch
22:47 Padded Archer Armor
2067
4:55 Loom
15:21 Feudal Age
16:13 Double-Bit Axe
16:16 Fishing Lines
16:45 Gold Mining
19:17 Castle Age
17:59 Fletching
20:31 Medium Warships
20:22 Gillnets
20:48 Bodkin Arrow
21:28 Town Watch
23:18 Wheelbarrow
25:28 Bow Saw
27:56 Gold Shaft Mining
29:09 Hand Cart
AlleN ★
5:05 Loom
14:38 Feudal Age
16:39 Fishing Lines
21:04 Castle Age
20:52 Fletching
20:59 Fletching
21:48 Double-Bit Axe
22:56 Medium Warships
25:01 Bodkin Arrow
25:56 Padded Archer Armor
kV0t3
4:14 Loom
14:04 Feudal Age
17:51 Castle Age
21:00 Gold Mining
21:02 Double-Bit Axe
21:23 Fletching
21:34 Padded Archer Armor
21:59 Bow Saw
24:28 Ballistics
24:49 Bodkin Arrow
28:31 Wheelbarrow
28:13 Leather Archer Armor
ZIZOU
11:29 Loom
14:20 Feudal Age
18:44 Castle Age
18:21 Double-Bit Axe
23:43 Elite Skirmisher
25:40 Fletching
Connection lost

Rejoining the realm…

Still unreachable

The connection could not be restored.

Session expired

The server has moved on; the page needs a fresh start.